| TOP OF THE 1ST |
|
Lehigh Valley IronPigs batting - Pitching for New Orleans Zephyrs : RHP Ray Duncan
|
|
Pitching: RHP Ray Duncan
|
|
|
Now at 2B: Bill de Jesus
|
|
|
Now at 3B: Ramon Martinez
|
|
|
Batting: LHB Osamu Kubo
|
0-0: Called Strike 0-1: Ball 1-1: Ball 2-1: Called Strike 2-2: Strikes out swinging
|
|
Batting: LHB Chad Persaud
|
0-0: Called Strike 0-1: Foul Ball, location: 2F 0-2: Ball 1-2: Ball 2-2: Strikes out swinging
|
|
Batting: RHB Julian Nijhuis
|
0-0: Foul Ball, location: 2F 0-1: Fly out, F7 (Line Drive, 7, EV 91.9 MPH)
|
| Top of the 1st over - 0 runs, 0 hits, 0 errors, 0 left on base; Lehigh Valley 0 - New Orleans 0 |
| BOTTOM OF THE 1ST |
|
New Orleans Zephyrs batting - Pitching for Lehigh Valley IronPigs : RHP Brian Thomas
|
|
Pitching: RHP Brian Thomas
|
|
|
Batting: RHB Bill de Jesus
|
0-0: Ball 1-0: Ground out U3 (Groundball, 34, EV 86.3 MPH)
|
|
Batting: SHB Ramon Martinez
|
0-0: Called Strike 0-1: Called Strike 0-2: Strikes out swinging
|
|
Batting: RHB Alex Gomez
|
0-0: Ball 1-0: Foul Ball, location: 2F 1-1: Called Strike 1-2: Foul Ball, location: 2F 1-2: Strikes out looking
|
| Bottom of the 1st over - 0 runs, 0 hits, 0 errors, 0 left on base; Lehigh Valley 0 - New Orleans 0 |
| TOP OF THE 2ND |
|
Lehigh Valley IronPigs batting - Pitching for New Orleans Zephyrs : RHP Ray Duncan
|
|
Batting: RHB Matt Sanders
|
0-0: Called Strike 0-1: Ball 1-1: Foul Ball, location: 2F 1-2: Ball 2-2: Ball 3-2: Foul Ball, location: 2F 3-2: Base on Balls
|
|
Batting: RHB Josh Hensley
|
0-0: Ball Matt Sanders is caught stealing 2nd base 2-4 1-0: Fly out, F7 (Line Drive, 7, EV 104.4 MPH)
|
|
Batting: RHB Chris Pounds
|
0-0: Called Strike 0-1: Ball 1-1: Ball 2-1: Foul Ball, location: 2F 2-2: Foul Ball, location: 2F 2-2: Ground out 6-3 (Groundball, 6M, EV 82.5 MPH)
|
| Top of the 2nd over - 0 runs, 0 hits, 0 errors, 0 left on base; Lehigh Valley 0 - New Orleans 0 |
| BOTTOM OF THE 2ND |
|
New Orleans Zephyrs batting - Pitching for Lehigh Valley IronPigs : RHP Brian Thomas
|
|
Batting: RHB Chris Lee
|
0-0: Ball 1-0: Foul Ball, location: 2F 1-1: Ball 2-1: Ball 3-1: Base on Balls
|
|
Batting: RHB Gebre-Giorgios Tikolo
|
0-0: Called Strike 0-1: Swinging Strike 0-2: Foul Ball, location: 2F 0-2: Ball 1-2: Strikes out looking
|
|
Batting: RHB Jesus Castillo
|
0-0: Ball 1-0: Called Strike 1-1: Ball 2-1: DOUBLE (Line Drive, 89D, EV 106.9 MPH) Chris Lee to third Runner from 3rd tries for Home, SAFE, throw by CF to trailing runner, OUT at third! 8-3-5
|
|
Batting: RHB Kyle Ashton
|
0-0: Ball 1-0: Swinging Strike 1-1: Ball 2-1: Called Strike 2-2: Foul Ball, location: 2F 2-2: Strikes out swinging
|
| Bottom of the 2nd over - 1 run, 1 hit, 0 errors, 0 left on base; Lehigh Valley 0 - New Orleans 1 |
| TOP OF THE 3RD |
|
Lehigh Valley IronPigs batting - Pitching for New Orleans Zephyrs : RHP Ray Duncan
|
|
Batting: RHB Dan Grable
|
0-0: Called Strike 0-1: Swinging Strike 0-2: Ball 1-2: Strikes out swinging
|
|
Batting: RHB Bill Moldenhauer
|
0-0: Called Strike 0-1: Foul Ball, location: 2F 0-2: Strikes out looking
|
|
Batting: SHB Cesar Arteaga
|
0-0: Swinging Strike 0-1: Called Strike 0-2: Strikes out swinging
|
| Top of the 3rd over - 0 runs, 0 hits, 0 errors, 0 left on base; Lehigh Valley 0 - New Orleans 1 |
| BOTTOM OF THE 3RD |
|
New Orleans Zephyrs batting - Pitching for Lehigh Valley IronPigs : RHP Brian Thomas
|
|
Batting: RHB John Jackson
|
0-0: Foul Ball, location: 2F 0-1: Ball 1-1: Foul Ball, location: 2F 1-2: Foul Ball, location: 2F 1-2: Strikes out looking
|
|
Batting: RHB Humberto Oros
|
0-0: Swinging Strike 0-1: Fly out, F6 (Line Drive, 6, EV 66.9 MPH)
|
|
Batting: RHB Bill de Jesus
|
0-0: Called Strike 0-1: Fly out, F7 (Line Drive, 78M, EV 96.9 MPH)
|
| Bottom of the 3rd over - 0 runs, 0 hits, 0 errors, 0 left on base; Lehigh Valley 0 - New Orleans 1 |
| TOP OF THE 4TH |
|
Lehigh Valley IronPigs batting - Pitching for New Orleans Zephyrs : RHP Ray Duncan
|
|
Batting: LHB Osamu Kubo
|
0-0: Ball 1-0: Foul Ball, location: 2F 1-1: Ball 2-1: Fly out, F7 (Line Drive, 7, EV 96.9 MPH)
|
|
Batting: LHB Chad Persaud
|
0-0: Ball 1-0: SOLO HOME RUN (Flyball, 9D, EV 93.1 MPH), Distance : 368 ft
|
|
Batting: RHB Julian Nijhuis
|
0-0: Called Strike 0-1: SINGLE (Line Drive, 6MD, EV 100.0 MPH)
|
|
Batting: RHB Matt Sanders
|
0-0: Ball Wild Pitch! Julian Nijhuis to second 1-0: Ball 2-0: Foul Ball, location: 2F 2-1: Swinging Strike 2-2: 2-RUN HOME RUN (Flyball, 7D, EV 108.1 MPH), Distance : 407 ft
|
|
Batting: RHB Josh Hensley
|
0-0: Called Strike 0-1: Called Strike 0-2: Foul Ball, location: 2F 0-2: Hit by Pitch
|
|
Batting: RHB Chris Pounds
|
0-0: Grounds into double play, 4-6-3 (Groundball, 4M, EV 90.0 MPH)
|
| Top of the 4th over - 3 runs, 3 hits, 0 errors, 0 left on base; Lehigh Valley 3 - New Orleans 1 |
| BOTTOM OF THE 4TH |
|
New Orleans Zephyrs batting - Pitching for Lehigh Valley IronPigs : RHP Brian Thomas
|
|
Batting: SHB Ramon Martinez
|
0-0: Foul Ball, location: 2F 0-1: Ball 1-1: Fly out, F8 (Flyball, 8LD, EV 83.8 MPH)
|
|
Batting: RHB Alex Gomez
|
0-0: Ball 1-0: Called Strike 1-1: Ball 2-1: SOLO HOME RUN (Flyball, 7LD, EV 97.5 MPH), Distance : 370 ft
|
|
Batting: RHB Chris Lee
|
0-0: Called Strike 0-1: Ball 1-1: SINGLE (Groundball, 6M, EV 100.0 MPH)
|
|
Batting: RHB Gebre-Giorgios Tikolo
|
0-0: Called Strike 0-1: Called Strike 0-2: Fly out, F8 (Flyball, 8RD, EV 105.6 MPH)
|
|
Batting: RHB Jesus Castillo
|
0-0: Fly out, F8 (Flyball, 89M, EV 95.6 MPH)
|
| Bottom of the 4th over - 1 run, 2 hits, 0 errors, 1 left on base; Lehigh Valley 3 - New Orleans 2 |
| TOP OF THE 5TH |
|
Lehigh Valley IronPigs batting - Pitching for New Orleans Zephyrs : RHP Ray Duncan
|
|
Batting: RHB Dan Grable
|
0-0: Called Strike 0-1: Swinging Strike 0-2: Reached on error, E3 (Groundball, 3S, EV 84.4 MPH)
|
|
Batting: RHB Bill Moldenhauer
|
0-0: Fly out, F8 (Flyball, 8LD, EV 90.6 MPH)
|
|
Batting: SHB Cesar Arteaga
|
0-0: Ball 1-0: Ball 2-0: Called Strike 2-1: Foul Ball, location: 2F 2-2: Strikes out swinging
|
|
Batting: LHB Osamu Kubo
|
0-0: Ball 1-0: Foul Ball, location: 2F 1-1: Ball 2-1: Ball 3-1: Base on Balls Dan Grable to second
|
|
Batting: LHB Chad Persaud
|
0-0: Ball 1-0: Fly out, F9 (Flyball, 89S, EV 91.9 MPH)
|
| Top of the 5th over - 0 runs, 0 hits, 1 error, 2 left on base; Lehigh Valley 3 - New Orleans 2 |
| BOTTOM OF THE 5TH |
|
New Orleans Zephyrs batting - Pitching for Lehigh Valley IronPigs : RHP Brian Thomas
|
|
Batting: RHB Kyle Ashton
|
0-0: Ball 1-0: Ball 2-0: Ball 3-0: Base on Balls
|
|
Batting: RHB John Jackson
|
0-0: Called Strike 0-1: Foul Ball, location: 2F 0-2: Strikes out looking
|
|
Batting: RHB Humberto Oros
|
0-0: Called Strike Kyle Ashton is caught stealing 2nd base 2-4 0-1: Called Strike 0-2: Ball 1-2: Strikes out swinging
|
| Bottom of the 5th over - 0 runs, 0 hits, 0 errors, 0 left on base; Lehigh Valley 3 - New Orleans 2 |
| TOP OF THE 6TH |
|
Lehigh Valley IronPigs batting - Pitching for New Orleans Zephyrs : RHP Ray Duncan
|
|
Batting: RHB Julian Nijhuis
|
0-0: Fly out, F6 (Popup, 6MD, EV 68.8 MPH)
|
|
Batting: RHB Matt Sanders
|
0-0: Ball 1-0: Foul Ball, location: 2F 1-1: Ground out 5-3 (Groundball, 56, EV 101.3 MPH)
|
|
Batting: RHB Josh Hensley
|
0-0: Ball 1-0: Ball 2-0: SINGLE (Groundball, 6MD, EV 95.0 MPH)
|
|
Batting: RHB Chris Pounds
|
0-0: Called Strike 0-1: Ball 1-1: Called Strike 1-2: Ball 2-2: Strikes out swinging
|
| Top of the 6th over - 0 runs, 1 hit, 0 errors, 1 left on base; Lehigh Valley 3 - New Orleans 2 |
| BOTTOM OF THE 6TH |
|
New Orleans Zephyrs batting - Pitching for Lehigh Valley IronPigs : RHP Brian Thomas
|
|
Batting: RHB Bill de Jesus
|
0-0: Ball 1-0: Ground out 4-3 (Groundball, 4MS, EV 91.3 MPH)
|
|
Batting: SHB Ramon Martinez
|
0-0: Ball 1-0: Ball 2-0: Ball 3-0: Called Strike 3-1: Ground out 4-3 (Groundball, 4S, EV 63.1 MPH)
|
|
Batting: RHB Alex Gomez
|
0-0: Ball 1-0: Ground out 6-3 (Groundball, 6, EV 85.6 MPH)
|
| Bottom of the 6th over - 0 runs, 0 hits, 0 errors, 0 left on base; Lehigh Valley 3 - New Orleans 2 |
| TOP OF THE 7TH |
|
Lehigh Valley IronPigs batting - Pitching for New Orleans Zephyrs : RHP Ray Duncan
|
|
Batting: RHB Dan Grable
|
0-0: Ball 1-0: Ground out 5-3 (Groundball, 56, EV 81.3 MPH)
|
|
Batting: RHB Bill Moldenhauer
|
0-0: Ball 1-0: Foul Ball, location: 2F 1-1: Foul Ball, location: 2F 1-2: Ground out 5-3 (Groundball, 56, EV 79.4 MPH)
|
|
Batting: SHB Cesar Arteaga
|
0-0: Fly out, F3 (Popup, 3F, EV 74.4 MPH)
|
| Top of the 7th over - 0 runs, 0 hits, 0 errors, 0 left on base; Lehigh Valley 3 - New Orleans 2 |
| BOTTOM OF THE 7TH |
|
New Orleans Zephyrs batting - Pitching for Lehigh Valley IronPigs : RHP Brian Thomas
|
|
Batting: RHB Chris Lee
|
0-0: Called Strike 0-1: Ground out 4-3 (Groundball, 4, EV 91.3 MPH)
|
|
Batting: RHB Gebre-Giorgios Tikolo
|
0-0: Ball 1-0: Swinging Strike 1-1: Ground out 5-3 (Groundball, 56, EV 82.5 MPH)
|
|
Batting: RHB Jesus Castillo
|
0-0: Called Strike 0-1: Ball 1-1: Ball 2-1: Ball 3-1: Base on Balls
|
|
Pinch Hitting: LHB Adrian Young
|
0-0: Ball 1-0: Called Strike 1-1: Called Strike 1-2: Ball 2-2: Strikes out swinging
|
| Bottom of the 7th over - 0 runs, 0 hits, 0 errors, 1 left on base; Lehigh Valley 3 - New Orleans 2 |
| TOP OF THE 8TH |
|
Lehigh Valley IronPigs batting - Pitching for New Orleans Zephyrs : RHP Ray Duncan
|
|
Now in LF: Adrian Young
|
|
|
Now in CF: Jesus Castillo
|
|
|
Batting: LHB Osamu Kubo
|
0-0: Swinging Strike 0-1: Called Strike 0-2: Ground out U3 (Groundball, 34, EV 85.6 MPH)
|
|
Batting: LHB Chad Persaud
|
0-0: Called Strike 0-1: Foul Ball, location: 2F 0-2: Ball 1-2: Ball 2-2: Strikes out swinging
|
|
Batting: RHB Julian Nijhuis
|
0-0: Foul Ball, location: 2F 0-1: Fly out, F9 (Flyball, 89XD, EV 98.8 MPH)
|
| Top of the 8th over - 0 runs, 0 hits, 0 errors, 0 left on base; Lehigh Valley 3 - New Orleans 2 |
| BOTTOM OF THE 8TH |
|
New Orleans Zephyrs batting - Pitching for Lehigh Valley IronPigs : RHP Brian Thomas
|
|
Batting: RHB John Jackson
|
0-0: Foul Ball, location: 2F 0-1: Ball 1-1: Called Strike 1-2: Foul Ball, location: 2F 1-2: Strikes out looking
|
|
Batting: RHB Humberto Oros
|
0-0: Ground out 3-1 (Groundball, 34, EV 106.3 MPH)
|
|
Batting: RHB Bill de Jesus
|
0-0: SINGLE (Groundball, 6MD, EV 97.5 MPH)
|
|
Batting: SHB Ramon Martinez
|
0-0: Ball 1-0: Called Strike 1-1: Called Strike 1-2: Ball 2-2: Ball 3-2: Foul Ball, location: 2F 3-2: Foul Ball, location: 2F 3-2: Foul Ball, location: 2F 3-2: Base on Balls Bill de Jesus to second
|
|
Pitching: RHP Rome Corona
|
|
|
Batting: RHB Alex Gomez
|
0-0: Ball 1-0: DOUBLE (Groundball, 5L, EV 102.5 MPH) Bill de Jesus scores Ramon Martinez to third Runner from 3rd tries for Home, SAFE, no throw by LF
|
|
Batting: RHB Chris Lee
|
0-0: Ball 1-0: Foul Ball, location: 2F 1-1: Ball 2-1: DOUBLE (Line Drive, 78M, EV 96.3 MPH) Alex Gomez scores
|
|
Batting: RHB Gebre-Giorgios Tikolo
|
0-0: Ball 1-0: Ground out 5-3 (Groundball, 5, EV 90.6 MPH)
|
| Bottom of the 8th over - 3 runs, 3 hits, 0 errors, 1 left on base; Lehigh Valley 3 - New Orleans 5 |
| TOP OF THE 9TH |
|
Lehigh Valley IronPigs batting - Pitching for New Orleans Zephyrs : RHP Ray Duncan
|
|
Pitching: RHP Jason Davis
|
|
|
Batting: RHB Matt Sanders
|
0-0: Ball 1-0: Ball 2-0: Foul Ball, location: 2F 2-1: Ball 3-1: Base on Balls
|
|
Batting: RHB Josh Hensley
|
0-0: Foul Ball, location: 2F 0-1: Swinging Strike 0-2: Ball 1-2: Strikes out swinging
|
|
Batting: RHB Chris Pounds
|
0-0: Ball 1-0: Foul Ball, location: 2F 1-1: Ball 2-1: Grounds into double play, 4-6-3 (Groundball, 4, EV 82.5 MPH)
|
| Top of the 9th over - 0 runs, 0 hits, 0 errors, 0 left on base; Lehigh Valley 3 - New Orleans 5 |
|